 Dungeon Crawl Stone Soup version 0.18-a0-1350-g404b4cb (webtiles) character file.

267 Ijustatesigmund the Chopper (level 6, 48/49 HPs)
             Began as a Demonspawn Berserker on Feb 18, 2016.
             Was a Believer of Trog.
             Quit the game on level 4 of the Dungeon.
             The game lasted 00:07:08 (2902 turns).

Ijustatesigmund the Chopper (Demonspawn Berserker)  Turns: 2902, Time: 00:07:09

Health: 48/49      AC:  9    Str: 17    XL:     6   Next: 0%
Magic:  6/6        EV: 12    Int:  8    God:    Trog [**....]
Gold:   198        SH:  0    Dex: 15    Spells: 0 memorised, 5 levels left

rFire  . . .     SeeInvis .     a - +1 hand axe
rCold  . . .     Gourm    .     k - +1 troll leather armour
rNeg   . . .     Faith    .     (no shield)
rPois  .         Spirit   .     (helmet restricted)
rElec  .         Dismiss  .     q - +1 cloak
rCorr  .         Reflect  .     j - +1 pair of gloves
SustAt .         Harm     .     (no boots)
MR     .....                    (no amulet)
Stlth  +.........               (no ring)
                                l - ring of flight

@: not resistant to hostile enchantments, very unstealthy
A: horns 2, rot immunity
a: Berserk, Trog's Hand, Burn Spellbooks, Renounce Religion, Evoke Flight


You were on level 4 of the Dungeon.
You worshipped Trog.
Trog was pleased with you.
You were hungry.

You visited 1 branch of the dungeon, and saw 4 of its levels.

You collected 198 gold pieces.

Inventory:

Hand Weapons
 a - a +1 hand axe (weapon)
Armour
 j - a +1 pair of gloves (worn)
 k - a +1 troll leather armour (worn)
 p - a +0 buckler
 q - a +1 cloak (worn)
Jewellery
 l - a ring of flight (left hand)
Wands
 v - a wand of hasting (2/9)
Scrolls
 d - 4 scrolls of magic mapping
 m - 3 scrolls of fog
 o - 2 scrolls of enchant weapon
 r - a scroll of recharging
 t - a scroll of teleportation
Potions
 e - a potion of might
 g - 8 potions of curing
 h - 2 potions of haste
 i - 2 potions of lignification
 n - a potion of cancellation
 w - a potion of agility
Comestibles
 b - 3 fruits
 c - 3 bread rations
 f - a meat ration
 u - a chunk of flesh


   Skills:
 + Level 4.6 Fighting
 * Level 5.2 Axes
 - Level 1.7 Armour
 - Level 1.7 Dodging


You had 5 spell levels left.
You didn't know any spells.

Dungeon Overview and Level Annotations

Branches:
Dungeon (4/15)
 Temple: D:4-7

Altars:
Gozag
Kikubaaqudgha
Makhleb
Okawaru
Trog
Vehumet
Xom
Zin


Innate Abilities, Weirdness & Mutations

You have a pair of horns on your head.
You are immune to rotting.


Message History

The hound is heavily wounded.
The hound bites you but does no damage. The hound closely misses you.
You slash the hound! Your headbutt misses the hound.
The hound is almost dead.
The hound bites you but does no damage.
You hit the hound. You headbutt the hound.
You kill the hound!
Trog accepts your kill.
You have reached level 6!
Your experience leads to an increase in your attributes!
Increase (S)trength, (I)ntelligence, or (D)exterity?
You feel agile.
Read which item? (? for menu, Esc to quit)
Identify which item? (\ to view known items) (? for menu, Esc to quit)
As you read the scroll of identify, it crumbles to dust.
w - a potion of agility Welcome back, Ijustatesigmund the Demonspawn Berserker.
Trog says: Kill them all!
Press ? for a list of commands and other information.
Are you sure you want to abandon this character and quit the game? (Confirm with "yes".)

###############
...............
>......@.#
.##..###.#
.........#
.###.#...#####
#.........#
.####...####.#
....)...#
.#####..#
#.#...#..#


There were no monsters in sight!

Vanquished Creatures
  3 vampire bats (D:3)
  2 hounds
  3 adders
  A giant gecko (D:3)
  3 orcs (D:3)
  2 bat skeletons (D:3)
  2 bat zombies (D:3)
  7 goblins
  9 hobgoblins
  4 jackals
  2 bats (D:3)
  6 giant newts
  12 kobolds
  6 rats
62 creatures vanquished.

Notes
Turn   | Place    | Note
--------------------------------------------------------------
     0 | D:1      | Ijustatesigmund the Demonspawn Berserker began the quest for the Orb.
     0 | D:1      | Reached XP level 1. HP: 18/18 MP: 1/1
   522 | D:1      | Gained mutation: You have a pair of small horns on your head. [demonic ancestry]
   522 | D:1      | Reached XP level 2. HP: 20/24 MP: 2/2
   948 | D:1      | Reached ** piety under Trog
  1062 | D:2      | Reached XP level 3. HP: 29/29 MP: 3/3
  1138 | D:2      | Found a shimmering altar of Xom.
  1138 | D:2      | Found an iron altar of Okawaru.
  1320 | D:2      | Found a glowing silver altar of Zin.
  1321 | D:2      | Found an opulent altar of Gozag.
  1392 | D:2      | Found a burning altar of Makhleb.
  1403 | D:2      | Gained mutation: You have a pair of horns on your head. [demonic ancestry]
  1403 | D:2      | Reached XP level 4. HP: 23/37 MP: 4/4
  1628 | D:2      | Reached skill level 4 in Axes
  2474 | D:3      | Found an ancient bone altar of Kikubaaqudgha.
  2478 | D:3      | Gained mutation: You are immune to rotting. [demonic ancestry]
  2478 | D:3      | Reached XP level 5. HP: 37/42 MP: 5/5
  2485 | D:3      | Reached skill level 5 in Axes
  2815 | D:4      | Found a bloodstained altar of Trog.
  2815 | D:4      | Found a radiant altar of Vehumet.
  2900 | D:4      | Reached XP level 6. HP: 47/49 MP: 6/6
  2902 | D:4      | Quit the game

Vault maps used:
D:1:      lightli_arrival_maybe_door_vault, minmay_hedge_maze
D:2:      grunt_temple_overflow_gold_and_silver,
          amethyst_overflow_temple_binary, makhleb_blood_cavern_becter
D:3:      kennysheep_vampire_church, first_bread
D:4:      grunt_temple_overflow_open, minmay_temple_entry_mist

Action                   |  1- 3 |  4- 6 || total
-------------------------+-------+-------++-------
Melee: Hand axe          |    98 |    73 ||   171
Invok: Berserk           |     1 |       ||     1
  Use: Scroll            |     9 |     8 ||    17
  Eat: Chunk             |     2 |     4 ||     6
       Fruit             |       |     1 ||     1
